SNL (28 & UNDER)
BLACKIRON DRAGONS @ GAINESVILLE GUIDOS
09/08/2030
 
TOP OF THE 1ST
BlackIron Dragons batting - Pitching for Gainesville Guidos : LHP Donald Joseph
Pitching: LHP Donald Joseph
Batting: RHB Joaquín Valenzuela 0-0: Ball
1-0: Ball
2-0: Ball
3-0: Called Strike
3-1: Foul Ball, location: 2F
3-2: Base on Balls
Batting: RHB Bernardo Corona 0-0: Ball
1-0: Fly out, F9 (Flyball, 9)
Batting: RHB Foster Hapgood 0-0: Called Strike
0-1: Ball
1-1: Ball
2-1: Fly out, F9 (Flyball, 9S)
Batting: RHB Doug O'Brien 0-0: Foul Ball, location: 2F
0-1: Ball
1-1: Ball
2-1: Called Strike
2-2: Ball
3-2: Strikes out swinging
Top of the 1st over - 0 runs, 0 hits, 0 errors, 1 left on base; BlackIron 0 - Gainesville 0
BOTTOM OF THE 1ST
Gainesville Guidos batting - Pitching for BlackIron Dragons : RHP Ramiro Sierra
Pitching: RHP Ramiro Sierra
Batting: RHB Ramiro Santana 0-0: Foul Ball, location: 2F
0-1: Ball
1-1: Ball
2-1: Foul Ball, location: 2F
2-2: Foul Ball, location: 2F
2-2: Ball
3-2: Base on Balls
Batting: RHB Doug Coleman 0-0: Called Strike
0-1: Swinging Strike
0-2: Ball
Ramiro Santana steals 2nd base
1-2: SINGLE (Line Drive, 56)
Ramiro Santana to third
Batting: RHB César Castillo 0-0: Ball
1-0: Ball
2-0: Ball
3-0: Called Strike
3-1: Ground out 5-3 (Groundball, 56S)
Ramiro Santana scores
Doug Coleman to second
Batting: RHB León Reynoso 0-0: Ball
1-0: Called Strike
1-1: Foul Ball, location: 2F
1-2: Foul Ball, location: 2F
1-2: Fly out, F4 (Line Drive, 4)
Batting: RHB Adrián López 0-0: Ball
1-0: Ball
2-0: Foul Ball, location: 2F
2-1: Called Strike
2-2: Ball
3-2: Base on Balls
Batting: SHB José Sousa 0-0: Ball
1-0: Foul Ball, location: 2F
1-1: Foul Ball, location: 2F
1-2: 3-RUN HOME RUN (Flyball, 9LD), Distance : 445 ft
Batting: SHB Manuel Díaz 0-0: Ball
1-0: Foul Ball, location: 2F
1-1: SINGLE (Line Drive, 6M)
Batting: RHB Luis Reynoso 0-0: Called Strike
0-1: Fly out, F2 (Popup, 23F)
Bottom of the 1st over - 4 runs, 3 hits, 0 errors, 1 left on base; BlackIron 0 - Gainesville 4
TOP OF THE 2ND
BlackIron Dragons batting - Pitching for Gainesville Guidos : LHP Donald Joseph
Batting: RHB Júlio Rodríguez 0-0: Foul Ball, location: 2F
0-1: Foul Ball, location: 2F
0-2: Ball
1-2: Ball
2-2: Strikes out swinging
Batting: RHB Randall Walker 0-0: Ball
1-0: Foul Ball, location: 2F
1-1: Ground out 6-3 (Groundball, 6)
Batting: RHB Alexander Barr 0-0: Swinging Strike
0-1: Ground out 4-3 (Groundball, 4)
Top of the 2nd over - 0 runs, 0 hits, 0 errors, 0 left on base; BlackIron 0 - Gainesville 4
BOTTOM OF THE 2ND
Gainesville Guidos batting - Pitching for BlackIron Dragons : RHP Ramiro Sierra
Batting: RHB Ricardo Medina 0-0: Ball
1-0: Foul Ball, location: 2F
1-1: Ground out 6-3 (Groundball, 6S)
Batting: RHB Ramiro Santana 0-0: Ball
1-0: TRIPLE (Flyball, 8LXD)
Batting: RHB Doug Coleman 0-0: Ball
1-0: Foul Ball, location: 2F
1-1: Foul Ball, location: 2F
1-2: Ball
2-2: Strikes out swinging
Batting: RHB César Castillo 0-0: Ball
1-0: Ball
2-0: Called Strike
2-1: Foul Ball, location: 2F
2-2: Strikes out swinging
Bottom of the 2nd over - 0 runs, 1 hit, 0 errors, 1 left on base; BlackIron 0 - Gainesville 4
TOP OF THE 3RD
BlackIron Dragons batting - Pitching for Gainesville Guidos : LHP Donald Joseph
Batting: RHB Jake Erickson 0-0: Foul Ball, location: 2F
0-1: Called Strike
0-2: Foul Ball, location: 2F
0-2: Ball
1-2: Strikes out swinging, 2-3 out at first.
Batting: RHB Mel Wells 0-0: Fly out, F7 (Flyball, 7)
Batting: RHB Joaquín Valenzuela 0-0: Foul Ball, location: 2F
0-1: Ball
1-1: Foul Ball, location: 2F
1-2: Ball
2-2: Ground out 4-3 (Groundball, 4S)
Top of the 3rd over - 0 runs, 0 hits, 0 errors, 0 left on base; BlackIron 0 - Gainesville 4
BOTTOM OF THE 3RD
Gainesville Guidos batting - Pitching for BlackIron Dragons : RHP Ramiro Sierra
Batting: RHB León Reynoso 0-0: Ball
1-0: Foul Ball, location: 2F
1-1: Ball
2-1: Fly out, F7 (Line Drive, 78M)
Batting: RHB Adrián López 0-0: Fly out, F8 (Line Drive, 8LD)
Batting: SHB José Sousa 0-0: Ball
1-0: Ball
2-0: Ball
3-0: Called Strike
3-1: Swinging Strike
3-2: Foul Ball, location: 2F
3-2: Base on Balls
Batting: SHB Manuel Díaz 0-0: Called Strike
0-1: Ball
1-1: Called Strike
1-2: Strikes out looking
Bottom of the 3rd over - 0 runs, 0 hits, 0 errors, 1 left on base; BlackIron 0 - Gainesville 4
TOP OF THE 4TH
BlackIron Dragons batting - Pitching for Gainesville Guidos : LHP Donald Joseph
Batting: RHB Bernardo Corona 0-0: Fly out, F8 (Flyball, 8LM)
Batting: RHB Foster Hapgood 0-0: Swinging Strike
0-1: Ball
1-1: Called Strike
1-2: Strikes out swinging
Batting: RHB Doug O'Brien 0-0: Called Strike
0-1: Swinging Strike
0-2: Ball
1-2: Strikes out swinging
Top of the 4th over - 0 runs, 0 hits, 0 errors, 0 left on base; BlackIron 0 - Gainesville 4
BOTTOM OF THE 4TH
Gainesville Guidos batting - Pitching for BlackIron Dragons : RHP Ramiro Sierra
Batting: RHB Luis Reynoso 0-0: Called Strike
0-1: SINGLE (Line Drive, 8RS)
Batting: RHB Ricardo Medina 0-0: Foul Ball, location: 2F
0-1: Ball
1-1: Ball
2-1: DOUBLE (Line Drive, 78D)
Luis Reynoso to third
Pitching: RHP António Molina
Batting: RHB Ramiro Santana 0-0: Ball
1-0: Ball
2-0: Fly out, F9 (Flyball, 9LM)
Runner from 3rd tags up, SCORES, throw made
Batting: RHB Doug Coleman 0-0: Ball
1-0: Called Strike
1-1: Called Strike
1-2: Ball
2-2: Ball
3-2: Ground out 5-3 (Groundball, 5L)
Batting: RHB César Castillo 0-0: Fly out, F9 (Line Drive, 9)
Bottom of the 4th over - 1 run, 2 hits, 0 errors, 1 left on base; BlackIron 0 - Gainesville 5
TOP OF THE 5TH
BlackIron Dragons batting - Pitching for Gainesville Guidos : LHP Donald Joseph
Batting: RHB Júlio Rodríguez 0-0: Ground out 6-3 (Groundball, 6)
Batting: RHB Randall Walker 0-0: Called Strike
0-1: Foul Ball, location: 2F
0-2: Ball
1-2: Ground out U3 (Groundball, 3)
Batting: RHB Alexander Barr 0-0: Called Strike
0-1: Ball
1-1: Ball
2-1: Fly out, F7 (Flyball, 7)
Top of the 5th over - 0 runs, 0 hits, 0 errors, 0 left on base; BlackIron 0 - Gainesville 5
BOTTOM OF THE 5TH
Gainesville Guidos batting - Pitching for BlackIron Dragons : RHP António Molina
Batting: RHB León Reynoso 0-0: SOLO HOME RUN (Flyball, 7LD), Distance : 337 ft
Batting: RHB Adrián López 0-0: Ball
1-0: Fly out, F6 (Line Drive, 6)
Batting: SHB José Sousa 0-0: SOLO HOME RUN (Flyball, 89XD), Distance : 403 ft
Batting: SHB Manuel Díaz 0-0: Called Strike
0-1: Foul Ball, location: 2F
0-2: Strikes out looking
Batting: RHB Luis Reynoso 0-0: SINGLE (Line Drive, 89S)
Batting: RHB Ricardo Medina 0-0: Ball
1-0: Fielders Choice at 2nd, 6-4 (Groundball, 6)
Bottom of the 5th over - 2 runs, 3 hits, 0 errors, 1 left on base; BlackIron 0 - Gainesville 7
TOP OF THE 6TH
BlackIron Dragons batting - Pitching for Gainesville Guidos : LHP Donald Joseph
Batting: RHB Jake Erickson 0-0: Reached on error, E3 (Popup, 3D)
Batting: RHB Mel Wells 0-0: Called Strike
0-1: Foul Ball, location: 2F
0-2: Strikes out looking
Batting: RHB Joaquín Valenzuela 0-0: Called Strike
0-1: SINGLE (Flyball, 9LS)
Jake Erickson to second
Runner from 2nd tries for 3rd, SAFE, no throw
Batting: RHB Bernardo Corona 0-0: Ball
1-0: SINGLE (Flyball, 7LS)
Jake Erickson scores
Joaquín Valenzuela to second
Batting: RHB Foster Hapgood 0-0: Fly out, F8 (Flyball, 8LS)
Batting: RHB Doug O'Brien 0-0: Foul Ball, location: 2F
0-1: Swinging Strike
0-2: Ball
1-2: Hit by Pitch
Joaquín Valenzuela to third
Bernardo Corona to second
Batting: RHB Júlio Rodríguez 0-0: Ball
1-0: Called Strike
1-1: Fly out, F7 (Flyball, 7S)
Top of the 6th over - 1 run, 2 hits, 1 error, 3 left on base; BlackIron 1 - Gainesville 7
BOTTOM OF THE 6TH
Gainesville Guidos batting - Pitching for BlackIron Dragons : RHP António Molina
Batting: RHB Ramiro Santana 0-0: Ball
1-0: Foul Ball, location: 2F
1-1: Ground out 5-3 (Groundball, 5)
Batting: RHB Doug Coleman 0-0: Ball
1-0: Called Strike
1-1: Ball
2-1: Ball
3-1: Fly out, F6 (Line Drive, 6M)
Batting: RHB César Castillo 0-0: Called Strike
0-1: Ball
1-1: Swinging Strike
1-2: Ball
2-2: Ball
3-2: Fly out, F8 (Flyball, 8LD)
Bottom of the 6th over - 0 runs, 0 hits, 0 errors, 0 left on base; BlackIron 1 - Gainesville 7
TOP OF THE 7TH
BlackIron Dragons batting - Pitching for Gainesville Guidos : LHP Donald Joseph
Batting: RHB Randall Walker 0-0: Called Strike
0-1: Fly out, F9 (Flyball, 9LS)
Batting: RHB Alexander Barr 0-0: Ball
1-0: Ball
2-0: Ball
3-0: Called Strike
3-1: Base on Balls
Batting: RHB Jake Erickson 0-0: Foul Ball, location: 2F
0-1: Swinging Strike
0-2: Foul Ball, location: 2F
0-2: Ball
1-2: Strikes out looking
Batting: RHB Mel Wells 0-0: Ball
1-0: Ball
2-0: Called Strike
2-1: Ball
3-1: Called Strike
3-2: Strikes out swinging
Top of the 7th over - 0 runs, 0 hits, 0 errors, 1 left on base; BlackIron 1 - Gainesville 7
BOTTOM OF THE 7TH
Gainesville Guidos batting - Pitching for BlackIron Dragons : RHP Jorge Román
Pitching: RHP Jorge Román
Batting: RHB León Reynoso 0-0: Ball
1-0: Fly out, F7 (Flyball, 78S)
Batting: RHB Adrián López 0-0: Foul Ball, location: 2F
0-1: Ball
1-1: Ball
2-1: Ground out 6-3 (Groundball, 56D)
Batting: SHB José Sousa 0-0: Ball
1-0: Foul Ball, location: 2F
1-1: Ball
2-1: Foul Ball, location: 2F
2-2: Strikes out swinging
Bottom of the 7th over - 0 runs, 0 hits, 0 errors, 0 left on base; BlackIron 1 - Gainesville 7
TOP OF THE 8TH
BlackIron Dragons batting - Pitching for Gainesville Guidos : LHP Donald Joseph
Batting: RHB Joaquín Valenzuela 0-0: Swinging Strike
0-1: Foul Ball, location: 2F
0-2: Ball
1-2: Ball
2-2: Fly out, F4 (Line Drive, 4)
Batting: RHB Bernardo Corona 0-0: Swinging Strike
0-1: Ball
1-1: Ball
2-1: Ball
3-1: Base on Balls
Batting: RHB Foster Hapgood 0-0: Ball
1-0: Ball
2-0: Foul Ball, location: 2F
2-1: Swinging Strike
2-2: Fly out, F8 (Flyball, 8RXD)
Batting: RHB Doug O'Brien 0-0: Called Strike
0-1: Swinging Strike
0-2: Strikes out swinging
Top of the 8th over - 0 runs, 0 hits, 0 errors, 1 left on base; BlackIron 1 - Gainesville 7
BOTTOM OF THE 8TH
Gainesville Guidos batting - Pitching for BlackIron Dragons : RHP Jorge Román
Batting: SHB Manuel Díaz 0-0: Foul Ball, location: 2F
0-1: Ball
1-1: Fly out, F8 (Flyball, 8LM)
Batting: RHB Luis Reynoso 0-0: Called Strike
0-1: Fly out, F7 (Flyball, 7LSF)
Batting: RHB Ricardo Medina 0-0: Ball
1-0: Ball
2-0: Called Strike
2-1: Foul Ball, location: 2F
2-2: Ball
3-2: Foul Ball, location: 2F
3-2: Base on Balls
Batting: RHB Ramiro Santana 0-0: Ball
1-0: Ball
2-0: Foul Ball, location: 2F
2-1: Ball
3-1: Base on Balls
Ricardo Medina to second
Batting: RHB Doug Coleman 0-0: Ball
1-0: Called Strike
1-1: Ball
2-1: Foul Ball, location: 2F
2-2: Foul Ball, location: 2F
2-2: Foul Ball, location: 2F
2-2: Ball
3-2: Fly out, F6 (Line Drive, 6)
Bottom of the 8th over - 0 runs, 0 hits, 0 errors, 2 left on base; BlackIron 1 - Gainesville 7
TOP OF THE 9TH
BlackIron Dragons batting - Pitching for Gainesville Guidos : LHP Donald Joseph
Batting: RHB Júlio Rodríguez 0-0: Ball
1-0: Called Strike
1-1: Fly out, F9 (Flyball, 9D)
Batting: RHB Randall Walker 0-0: Called Strike
0-1: SINGLE (Groundball, 56D)
Batting: RHB Alexander Barr 0-0: Called Strike
0-1: Fly out, F9 (Flyball, 9LDF)
Batting: RHB Jake Erickson 0-0: Foul Ball, location: 2F
0-1: Ball
1-1: Foul Ball, location: 2F
1-2: Foul Ball, location: 2F
1-2: Strikes out swinging
Top of the 9th over - 0 runs, 1 hit, 0 errors, 1 left on base; BlackIron 1 - Gainesville 7
Saturday, April 7th, 2018 - OOTP Baseball 18.8 Build 76